 Dungeon Crawl Stone Soup version 0.26.1-11-gd32895ea62 (webtiles) character file.

Game seed: 15964805656997371944

22 Zeld the Digger (level 2, 0/15 HPs)
             Began as a Gargoyle Earth Elementalist on Sept 28, 2021.
             Slain by a jackal (2 damage)
             ... on level 2 of the Dungeon.
             The game lasted 00:01:14 (771 turns).

Zeld the Digger (Gargoyle Earth Elementalist)        Turns: 771, Time: 00:01:14

Health: 0/15       AC:  4    Str: 11    XL:     2   Next: 91%
Magic:  1/5        EV: 12    Int: 15    God:
Gold:   103        SH:  0    Dex: 10    Spells: 2/5 levels left

rFire    . . .     SeeInvis .   (no weapon)
rCold    . . .     Faith    .   (no shield)
rNeg     + . .     Spirit   .   c - +0 robe
rPois    ∞         Reflect  .   (no helmet)
rElec    +         Harm     .   (no cloak)
rCorr    .         Rampage  .   (no gloves)
Will     .....                  (no boots)
Stlth    ++........             (no amulet)
HPRegen  0.05/turn              (no ring)
MPRegen  0.09/turn              (no ring)

@: no status effects
A: negative energy resistance 1, electricity resistance, unbreathing,
petrification resistance, miasma immunity, AC +2
a: no special abilities


You were on level 2 of the Dungeon.
You visited 1 branch of the dungeon, and saw 2 of its levels.

You collected 103 gold pieces.

Inventory:

Missiles
 b - 18 stones (quivered)
Armour
 c - a +0 robe (worn)
Jewellery
 g - an uncursed ring of ice {unknown}
Scrolls
 f - a scroll of magic mapping {unknown}
 h - 4 scrolls of identify {unknown}
Potions
 a - 2 potions of berserk rage {unknown}
 d - a potion of attraction {unknown}
 e - a potion of ambrosia {unknown}
 i - a potion of curing {unknown}


   Skills:
 + Level 0.6 Armour
 + Level 1.7 Dodging
 + Level 2.5 Stealth
 * Level 2.3 Spellcasting
 - Level 1.0 Transmutations
 * Level 4.0 Earth Magic


You had 2 spell levels left.
You knew the following spells:

 Your Spells              Type           Power        Failure   Level
a - Sandblast             Erth           26%          4%          1
b - Passwall              Tmut/Erth      7%           12%         2

Your spell library contained the following spells:

 Spells                   Type           Power        Failure   Level
 Stone Arrow              Conj/Erth      14%          28%         3
 Petrify                  Tmut/Erth      9%           58%         4
 Lee's Rapid Deconstruct  Erth           6%           75%         5


Dungeon Overview and Level Annotations

Branches:
Dungeon (2/15)

Altars:


Innate Abilities, Weirdness & Mutations

You are resistant to torment.
Your stone body is resilient. (AC +2)
You are immune to poison.
You resist negative energy. (rN+)
You are resistant to electric shocks. (rElec)
You can survive without breathing.
You are immune to petrification.
You are immune to miasma.


Message History

You hit the jackal but do no damage.
The jackal is severely wounded.
The jackal misses you.
You hit the jackal but do no damage.
The jackal is heavily wounded.
The jackal misses you.
The jackal bites you but does no damage.
You hit the jackal but do no damage.
The jackal is heavily wounded.
The jackal bites you but does no damage.
You miss the jackal.
The jackal is heavily wounded.
The jackal closely misses you. x2
You hit the jackal but do no damage.
The jackal is heavily wounded.
The jackal bites you but does no damage.
You closely miss the jackal.
The jackal is heavily wounded.
The jackal bites you.
You die...

#########.#.
#<@h........
#..##†......
#..# .†#####
#..# h.#[)[#
#..# ..#?$(#
#### ..#$$(#
..#####
.......


You could see a jackal.

Vanquished Creatures
  A ball python (D:1)
  3 hobgoblins (D:1)
  6 jackals
  3 bats (D:1)
  2 frilled lizards (D:2)
  2 goblins (D:1)
  A kobold (D:1)
  3 rats (D:1)
21 creatures vanquished.

Notes
Turn   | Place    | Note
-------+----------+-------------------------------------------
     0 | D:1      | Zeld the Gargoyle Earth Elementalist began the quest for
                  | the Orb.
     0 | D:1      | Reached XP level 1. HP: 10/10 MP: 3/3
   234 | D:1      | Reached XP level 2. HP: 15/15 MP: 1/5
   237 | D:1      | Learned a level 2 spell: Passwall
   323 | D:1      | Reached skill level 1 in Transmutations
   551 | D:1      | Reached skill level 4 in Earth Magic
   771 | D:2      | Slain by a jackal

Illustrated notes

Levels and vault maps discovered:
D:1:      saegor_arrival_simple_a, layout_rooms
D:2:      layout_basic, due_unseen_surprise

Skill      XL: |  1  2 |
---------------+-------+-----
Transmutations | 1 |  1.0
Earth Magic    | 4 |  4.0
Armour         | |  0.6
Dodging        | |  1.7
Stealth        | |  2.5
Spellcasting   | |  2.3

Action                   || total
-------------------------++-------
Melee: Unarmed           ||    58
 Cast: Sandblast         ||    23
Armor: Robe              ||    34
Dodge: Dodged            ||    72
